 Dungeon Crawl Stone Soup version 0.29.1-1-gd02db6906a (webtiles) character file.

Game seed: 16726016311164117134

43910 Icepheonix32 the Fighter (level 13, -26/125 HPs)
             Began as a Minotaur Fighter on Oct 5, 2022.
             Was the Champion of Okawaru.
             Killed from afar by Jorgrun (59 damage)
             ... with an iron shot
             ... on level 15 of the Dungeon.
             The game lasted 00:35:29 (18757 turns).

Icepheonix32 the Fighter (Minotaur Fighter)        Turns: 18757, Time: 00:35:30

Health: -26/125    AC: 14    Str: 22    XL:     13   Next: 93%
Magic:  19/19      EV: 17    Int:  5    God:    Okawaru [******]
Gold:   1001       SH:  5    Dex: 14    Spells: 12/12 levels left

rFire   + . .      SeeInvis +   b - +4 broad axe (vamp)
rCold   . . .      Faith    .   (no shield)
rNeg    + . .      Spirit   .   S - +5 ring mail of Space {rN+ Stlth+}
rPois   .          Reflect  +   (helmet restricted)
rElec   .          Harm     .   (no cloak)
rCorr   .          Rampage  .   (no gloves)
Will    .....                   T - +1 pair of boots
Stlth   +++.......              F - amulet of reflection
HPRegen 0.30/turn               D - ring of see invisible
MPRegen 0.16/turn               x - +4 ring of evasion

@: grasped by roots, constricted, studying Dodging
A: horns 2, retaliatory headbutt, fire resistance 1
a: Renounce Religion, Heroism, Finesse, Duel


You were on level 15 of the Dungeon.
You worshipped Okawaru.
Okawaru was exalted by your worship.
You visited 2 branches of the dungeon, and saw 16 of its levels.

You collected 1443 gold pieces.
You spent 442 gold pieces at shops.

Inventory:

Hand Weapons
 b - a +4 vampiric broad axe (weapon)
 c - a +2 war axe of distortion
 j - a +3 morningstar
 n - a +3 scimitar of flaming
 s - a +2 mace of protection
 y - a +1 shortbow of flaming
 G - a +5 dire flail of holy wrath
 H - a +3 flail
Missiles
 e - 6 boomerangs (quivered)
 U - 2 silver boomerangs
 V - a throwing net
Armour
 d - the +1 ring mail of Lucidity {+Blink rElec rPois Str+3}
   (You found it on level 15 of the Dungeon)

   Str:       It affects your strength (+3).
   rElec:     It insulates you from electricity.
   rPois:     It protects you from poison.
   +Blink:    It lets you blink.
 r - an orb of guile
 u - a +0 tower shield
 S - the +5 ring mail of Space (worn) {rN+ Stlth+}
   (Okawaru gifted it to you on level 10 of the Dungeon)

   rN:        It protects you from negative energy.
   Stlth:     It makes you more stealthy.
 T - a +1 pair of boots (worn)
 X - a +2 chain mail of positive energy
 Y - the +5 kite shield of Okawaru's Castigation {rN+}
   (Okawaru gifted it to you on level 15 of the Dungeon)

   rN:        It protects you from negative energy.
Jewellery
 x - a +4 ring of evasion (right hand)
 z - an amulet of regeneration
 D - a ring of see invisible (left hand)
 F - an amulet of reflection (around neck)
 N - a ring of magical power
Wands
 L - a wand of light (4)
 M - a wand of flame (16)
 P - a wand of paralysis (1)
 Q - a wand of roots (18)
 W - a wand of mindburst (5)
Scrolls
 a - 5 scrolls of identify
 f - 4 scrolls of poison
 g - 7 scrolls of fog
 h - 2 scrolls of amnesia
 i - 2 scrolls of magic mapping
 m - 3 scrolls of blinking
 o - a scroll of fear
 q - 3 scrolls of vulnerability
 w - a scroll of teleportation
 C - a scroll of silence
 J - a scroll of immolation
Potions
 k - 3 potions of heal wounds
 l - a potion of might
 p - a potion of berserk rage
 t - 6 potions of curing
 v - a potion of flight
 A - 2 potions of brilliance
 E - a potion of lignification
 I - 3 potions of resistance
 K - 6 potions of attraction
 O - 2 potions of ambrosia
 R - a potion of mutation
Miscellaneous
 B - a tin of tremorstones (2/2)


   Skills:
 * Level 14.8 Fighting
 + Level 10.8(13.7) Axes
 + Level 13.1(14.7) Maces & Flails
 - Level 2.6(7.4) Polearms
 + Level 1.3 Throwing
 + Level 9.3 Armour
 * Level 11.8 Dodging
 + Level 4.8 Stealth
 - Level 4.8 Shields
 + Level 9.3 Invocations
 + Level 2.0 Evocations


You had 12 spell levels left.
You didn't know any spells.
Your spell library contained the following spells:

 Spells                   Type           Power      Damage    Failure   Level
 Beastly Appendage        Tmut           0%         N/A       61%         1
 Freeze                   Ice            0%         1d3       61%         1
 Magic Dart               Conj           0%         1d3       61%         1
 Poisonous Vapours        Pois/Air       0%         N/A       75%         2
 Wereblood                Tmut           0%         N/A       75%         2
 Dazzling Flash           Conj/Hex       0%         N/A       93%         3
 Frozen Ramparts          Ice            0%         1d1       93%         3
 Gell's Gravitas          Tloc           0%         N/A       93%         3
 Mephitic Cloud           Conj/Pois/Air  0%         N/A       93%         3
 Portal Projectile        Hex/Tloc       0%         N/A       93%         3
 Spider Form              Tmut/Pois      0%         N/A       93%         3
 Teleport Other           Tloc           0%         N/A       93%         3
 Cause Fear               Hex            0%         N/A       100%        4
 Corpse Rot               Necr/Pois/Air  0%         N/A       100%        4
 Hailstorm                Conj/Ice       0%         3d3       100%        4
 Iskenderun's Mystic Bla  Conj/Tloc      0%         2d3       100%        4
 Passage of Golubria      Tloc           0%         N/A       100%        4
 Blade Hands              Tmut           0%         N/A       100%        5
 Borgnjor's Vile Clutch   Necr/Erth      0%         N/A       100%        5
 Silence                  Hex/Air        0%         N/A       100%        5
 Dispersal                Tloc           0%         N/A       100%        6
 Starburst                Conj/Fire      0%         6d3       100%        6
 Dragon Form              Tmut           0%         N/A       100%        7
 Lehudib's Crystal Spear  Conj/Erth      0%         10d2      100%        8
 Call Imp                 Summ           Unusable   N/A       N/A         2
 Tukima's Dance           Hex            Unusable   N/A       N/A         3
 Animate Dead             Necr           Unusable   N/A       N/A         4
 Death Channel            Necr           Unusable   N/A       N/A         6
 Dragon's Call            Summ           Unusable   N/A       N/A         9

Dungeon Overview and Level Annotations

Branches:
Dungeon (15/15)            Temple (1/1) D:5            Lair (0/5) D:10
    Orc (0/2) D:12         Vaults (0/5) D:13         Depths (0/4) D:15

Altars:
Ashenzari
Cheibriados
Elyvilon
Fedhas
Gozag
Hepliaklqana
Makhleb
Nemelex Xobeh
Okawaru
Qazlal
Ru
Sif Muna
Trog
Uskayaw
Vehumet
Wu Jian
Xom
Yredelemnul
Zin
The Shining One
Jiyva

Shops:
D:7 !   D:8 *

Annotations:
D:14 3 runed translucent doors, nicolae's ghost, journeyman GrFi
D:15 Jorgrun


Innate Abilities, Weirdness & Mutations

You have a pair of horns on your head.
You reflexively headbutt those who attack you in melee.
Your flesh is heat resistant. (rF+)


Message History

Jorgrun hits you with a +0 vorpal quarterstaff.
You slash Jorgrun!
You feel better.
You headbutt Jorgrun, but do no damage.
Jorgrun is heavily wounded.
Jorgrun points at you and mumbles some strange words.
The iron shot misses you.
You closely miss Jorgrun. Your headbutt misses Jorgrun.
Jorgrun is heavily wounded.
Jorgrun says, "A few more walls knocked out 'ere an' thar an' 'tis whole place will come crashin' down."
Jorgrun casts a spell at you.
You struggle to resist.
You hit Jorgrun but do no damage.
Jorgrun is heavily wounded.
Jorgrun points at you and mumbles some strange words.
Roots burst forth from the earth!
The grasping roots grab you! The grasping roots constrict you!
You barely miss Jorgrun. You headbutt Jorgrun!
Jorgrun is heavily wounded.
Jorgrun hits you with a +0 vorpal quarterstaff.
The grasping roots constrict you!
You hit Jorgrun. You headbutt Jorgrun!
Jorgrun is severely wounded.
Jorgrun gestures at you while chanting. The iron shot hits you!!!
The grasping roots constrict you!
* * * LOW HITPOINT WARNING * * *
You slice Jorgrun!!
You feel better.
You headbutt Jorgrun!
Jorgrun is almost dead.
Jorgrun casts a spell at you.
You struggle to resist.
The grasping roots constrict you!
* * * LOW HITPOINT WARNING * * *
Unknown command.
You hit Jorgrun but do no damage. You headbutt Jorgrun!
Jorgrun is almost dead.
Jorgrun hits you but does no damage. The grasping roots constrict you!
* * * LOW HITPOINT WARNING * * *
Unknown command.
You feel much better. Jorgrun casts a spell at you. The iron shot hits you!!!
You die...

...'....).......##.....
... #.....()............
....##...##)<...........
....##...##.............
........................
.......:...............
.......................
...##...##.............
... ##@###......##.....
.......g.#.......##.....
.........#..............
.........'..............
.........#. .........
############ #########


You could see Jorgrun.

Vanquished Creatures
  A stone giant (D:15)
  Snorg (D:14)
  Josephine (D:10)
  2 vault guards (D:13)
  3 hydras
  A catoblepas (D:15)
  2 boulder beetles
  5 centaur warriors
  4 two-headed ogres
  Erica (D:11)
  A death knight (D:14)
  3 tengu warriors
  3 death yaks (D:10)
  3 skeletal warriors (D:15)
  A wizard (D:15)
  A deep elf pyromancer (D:14)
  An orc knight (D:14)
  2 necromancers (D:13)
  2 manticores
  An orc sorcerer (D:15)
  7 ugly things
  2 cyclopes (D:15)
  Joseph (D:7)
  A kobold demonologist (D:10)
  Psyche (D:9)
  A tengu conjurer (D:13)
  3 meliai (D:15)
  5 trolls
  A hornet (D:8)
  11 slime creatures
  Sigmund (D:6)
  A water elemental (D:11)
  3 shadows
  8 yaks (D:9)
  A yak (shapeshifter) (D:14)
  2 basilisks (D:15)
  2 vampires
  A wyvern (D:9)
  21 humans (D:13)
  3 steam dragons (D:8)
  9 wraiths
  5 vampire mosquitoes
  2 acid dragons
  Edmund (D:6)
  A warg (D:15)
  2 water moccasins
  Duvessa (D:7)
  A black bear (D:5)
  5 orc warriors
  2 ice beasts
  A sky beast (D:6)
  4 ogres
  11 centaurs
  3 bullfrogs
  3 gnoll sergeants
  8 earth elementals (D:15)
  9 wights
  A scorpion (D:7)
  Dowan (D:7)
  9 howler monkeys
  4 crimson imps (D:13)
  2 jellies
  4 orc priests
  3 hounds
  2 iguanas
  12 orc wizards
  Robin (D:4)
  13 gnolls
  3 adders
  4 river rats (D:10)
  A shadow imp (D:8)
  A white imp (D:7)
  An ufetubus (D:4)
  3 worms (D:2)
  3 dart slugs
  37 orcs
  6 ball pythons
  7 endoplasms
  5 giant cockroaches
  15 goblins
  9 hobgoblins
  6 jackals
  3 quokkas
  8 bats
  A frilled lizard (D:2)
  6 kobolds
  6 rats
  A spectral orc (D:6)
361 creatures vanquished.

Notes
Turn   | Place    | Note
-------+----------+-------------------------------------------
     0 | D:1      | Icepheonix32 the Minotaur Fighter began the quest for the
                  | Orb.
     0 | D:1      | Reached XP level 1. HP: 19/19 MP: 0/0
   198 | D:1      | Reached XP level 2. HP: 24/27 MP: 1/1
   468 | D:1      | Reached skill level 4 in Fighting
   636 | D:2      | Reached XP level 3. HP: 33/33 MP: 2/2
   653 | D:2      | Found a faded altar of an unknown god.
  1349 | D:2      | Reached XP level 4. HP: 41/41 MP: 3/3
  2132 | D:3      | Reached skill level 1 in Maces & Flails
  2185 | D:3      | You fall into a shaft and drop 2 floors!
  2185 | D:5      | Entered Level 5 of the Dungeon
  2197 | D:5      | Found a staircase to the Ecumenical Temple.
  2212 | Temple   | Entered the Ecumenical Temple
  2352 | Temple   | Became a worshipper of Warmaster Okawaru
  2381 | D:4      | Noticed an ogre
  2387 | D:4      | Killed an ogre
  2388 | D:4      | Reached skill level 5 in Fighting
  2388 | D:4      | Reached skill level 5 in Armour
  2388 | D:4      | Reached skill level 1 in Dodging
  2388 | D:4      | Reached XP level 5. HP: 36/48 MP: 4/4
  2522 | D:4      | Reached skill level 1 in Invocations
  2796 | D:4      | Noticed Robin
  2810 | D:4      | Killed Robin
  2811 | D:4      | Reached XP level 6. HP: 37/56 MP: 5/5
  3637 | D:5      | Reached * piety under Okawaru
  4113 | D:5      | Found a burning altar of Makhleb.
  4139 | D:5      | Noticed an ice beast
  4151 | D:5      | Killed an ice beast
  4152 | D:5      | Reached XP level 7. HP: 30/61 MP: 7/7
  4701 | D:6      | Reached ** piety under Okawaru
  4747 | D:6      | Found a bloodstained altar of Trog.
  4747 | D:6      | Found a stormy altar of Qazlal.
  4790 | D:6      | Reached skill level 1 in Polearms
  4991 | D:6      | Noticed Sigmund
  4997 | D:6      | Killed Sigmund
  4998 | D:6      | Reached skill level 6 in Fighting
  4998 | D:6      | Reached XP level 8. HP: 69/70 MP: 9/9
  5015 | D:6      | Noticed Edmund
  5021 | D:6      | Killed Edmund
  5376 | D:6      | Found a basalt altar of Yredelemnul.
  5439 | D:6      | Found a radiant altar of Vehumet.
  5483 | D:7      | Reached skill level 1 in Stealth
  5862 | D:7      | Found Vappisio's Distillery.
  5872 | D:7      | Reached *** piety under Okawaru
  5875 | D:7      | Bought a potion of mutation for 112 gold pieces
  5875 | D:7      | Bought a potion of resistance for 140 gold pieces
  5875 | D:7      | Bought a potion of heal wounds for 70 gold pieces
  5875 | D:7      | Bought a potion of attraction for 42 gold pieces
  5875 | D:7      | Bought a potion of curing for 42 gold pieces
  5875 | D:7      | Bought a potion of degeneration for 14 gold pieces
  5993 | D:7      | Reached skill level 7 in Fighting
  6068 | D:7      | Reached XP level 9. HP: 73/79 MP: 11/11
  6153 | D:7      | Reached skill level 5 in Maces & Flails
  6164 | D:7      | Noticed Joseph
  6171 | D:7      | Killed Joseph
  6179 | D:7      | Reached skill level 5 in Invocations
  6461 | D:7      | Noticed Dowan
  6462 | D:7      | Noticed Duvessa
  6477 | D:7      | Killed Duvessa
  6477 | D:7      | Reached **** piety under Okawaru
  6480 | D:7      | Killed Dowan
  6810 | D:7      | Gained mutation: You are frail. (-10% HP) [potion of
                  | mutation]
  6810 | D:7      | Gained mutation: You are agile. (Dex +4, Str/Int -1)
                  | [potion of mutation]
  6811 | D:7      | Lost mutation: You are frail. (-10% HP) [potion of
                  | mutation]
  6811 | D:7      | Lost mutation: You are agile. (Dex +4, Str/Int -1) [potion
                  | of mutation]
  6811 | D:7      | Gained mutation: Your magical capacity is low. (-10% MP)
                  | [potion of mutation]
  6811 | D:7      | Gained mutation: You have sharp toenails. [potion of
                  | mutation]
  6812 | D:7      | Lost mutation: Your magical capacity is low. (-10% MP)
                  | [potion of mutation]
  6812 | D:7      | Lost mutation: You have sharp toenails. [potion of
                  | mutation]
  6812 | D:7      | Gained mutation: Armour fits poorly on your strangely
                  | shaped body. [potion of mutation]
  6812 | D:7      | Gained mutation: You have an increased reservoir of magic.
                  | (+10% MP) [potion of mutation]
  6977 | D:8      | Reached skill level 8 in Fighting
  7941 | D:8      | Found Xeonla's Assorted Antiques.
  7944 | D:8      | Bought a smoky brown potion for 22 gold pieces
  8061 | D:9      | Noticed a troll
  8067 | D:9      | Killed a troll
  8067 | D:9      | Reached ***** piety under Okawaru
  8068 | D:9      | Reached skill level 9 in Fighting
  8068 | D:9      | Reached XP level 10. HP: 87/91 MP: 14/14
  8314 | D:9      | Lost mutation: Armour fits poorly on your strangely shaped
                  | body. [potion of mutation]
  8314 | D:9      | Lost mutation: You have an increased reservoir of magic.
                  | (+10% MP) [potion of mutation]
  8314 | D:9      | Gained mutation: Your flesh is heat resistant. (rF+)
                  | [potion of mutation]
  8397 | D:9      | Noticed Psyche
  8401 | D:9      | Paralysed by Psyche for 2 turns
  8404 | D:9      | Killed Psyche
  8479 | D:9      | Reached skill level 10 in Fighting
  8809 | D:9      | Reached skill level 10 in Maces & Flails
  9108 | D:10     | Entered Level 10 of the Dungeon
  9132 | D:10     | Noticed a two-headed ogre
  9146 | D:10     | Killed a two-headed ogre
  9146 | D:10     | Identified the +5 ring mail of Space {rN+ Stlth+} (Okawaru
                  | gifted it to you on level 10 of the Dungeon)
  9146 | D:10     | Received a gift from Okawaru
  9147 | D:10     | Noticed a manticore
  9153 | D:10     | Noticed a centaur warrior
  9191 | D:10     | Killed a centaur warrior
  9192 | D:10     | Reached XP level 11. HP: 25/101 MP: 15/15
  9640 | D:10     | Noticed a death yak
  9644 | D:10     | Noticed a death yak
  9648 | D:10     | Reached skill level 5 in Dodging
  9651 | D:10     | Noticed a death yak
  9658 | D:10     | Noticed Josephine
  9685 | D:10     | Killed a death yak
  9704 | D:10     | Killed Josephine
  9705 | D:10     | Reached skill level 11 in Fighting
  9718 | D:10     | Killed a death yak
  9728 | D:10     | Killed a death yak
 10123 | D:10     | Found a staircase to the Lair.
 10830 | D:11     | Noticed a boulder beetle
 10841 | D:11     | Killed a boulder beetle
 10841 | D:11     | Received a gift from Okawaru
 10865 | D:11     | Noticed a two-headed ogre
 10872 | D:11     | Killed a two-headed ogre
 10872 | D:11     | Reached ****** piety under Okawaru
 10873 | D:11     | Reached skill level 1 in Evocations
 11153 | D:11     | Noticed a two-headed ogre
 11165 | D:11     | Killed a two-headed ogre
 11166 | D:11     | Reached skill level 12 in Fighting
 11306 | D:11     | Noticed Erica
 11317 | D:11     | Killed Erica
 11568 | D:11     | Received a gift from Okawaru
 11887 | D:12     | Reached XP level 12. HP: 110/112 MP: 17/17
 11970 | D:12     | Found a staircase to the Orcish Mines.
 12097 | D:12     | Noticed a two-headed ogre
 12107 | D:12     | Killed a two-headed ogre
 13120 | D:13     | Reached skill level 5 in Axes
 13403 | D:13     | Found a gate to the Vaults.
 13403 | D:13     | Noticed a vault guard
 13403 | D:13     | Noticed a vault guard
 13452 | D:13     | Found a shimmering altar of Xom.
 13465 | D:13     | Identified the +3 bardiche "Leimur" {drain, Will- rCorr
                  | Str-4 Int+10} (Okawaru gifted it to you on level 13 of the
                  | Dungeon)
 13465 | D:13     | Received a gift from Okawaru
 13503 | D:13     | Noticed a centaur warrior
 13515 | D:13     | Killed a centaur warrior
 13516 | D:13     | Reached skill level 13 in Fighting
 14015 | D:13     | Killed a vault guard
 14085 | D:13     | Noticed a seven-headed hydra
 14095 | D:13     | Killed a seven-headed hydra
 14095 | D:13     | Received a gift from Okawaru
 14320 | D:13     | Killed a vault guard
 14717 | D:13     | Noticed a centaur warrior
 14730 | D:13     | Killed a centaur warrior
 14731 | D:13     | Reached XP level 13. HP: 100/122 MP: 18/18
 15280 | D:14     | Reached skill level 14 in Fighting
 15290 | D:14     | Noticed Snorg
 15308 | D:14     | HP: 1/124 [Snorg (11)]
 15309 | D:14     | Killed Snorg
 15310 | D:14     | Reached skill level 10 in Dodging
 16377 | D:14     | Found a runed translucent gate.
 16378 | D:14     | Found a runed translucent gate.
 16379 | D:14     | Found a runed translucent gate.
 16379 | D:14     | Noticed a quicksilver ooze
 16380 | D:14     | Noticed an azure jelly
 16385 | D:14     | Noticed nicolae's ghost (journeyman GrFi)
 16434 | D:14     | Found a viscous altar of Jiyva.
 16496 | D:15     | Entered Level 15 of the Dungeon
 16864 | D:15     | Identified the +5 kite shield of Okawaru's Castigation
                  | {rN+} (Okawaru gifted it to you on level 15 of the Dungeon)
 16864 | D:15     | Received a gift from Okawaru
 17257 | D:15     | Reached skill level 1 in Throwing
 17375 | D:15     | Reached skill level 10 in Axes
 17428 | D:15     | Noticed Jorgrun
 18185 | D:15     | Identified the +1 ring mail of Lucidity {+Blink rElec rPois
                  | Str+3}
 18280 | D:15     | Found a staircase to the Depths.
 18280 | D:15     | Noticed a stone giant
 18297 | D:15     | Killed a stone giant
 18757 | D:15     | Killed from afar by Jorgrun

Illustrated notes

Levels and vault maps discovered:
D:1:      onia_arrival_mini_spirals, layout_basic, grunt_decor_cap
D:2:      layout_basic, shapermc_ecumenical_altar_starsandcircs,
          kennysheep_small_spiral
D:3:      layout_loops_ring
D:4:      layout_cave_pools, uniq_robin
D:5:      black_bear_nest_2, layout_basic, amcnicky_altar_gilded,
          minmay_temple_entry_waves, nicolae_sextant
D:6:      layout_basic, chequers_temple_overflow_statue_of_worship,
          yredelemnul_forgotten_temple_becter, sigmund_edmund_badplayer
D:7:      nicolae_cairo_tiling, layout_basic, serial_shops,
          nicolae_diamond_shop, uniq_duvessa, uniq_joseph
D:8:      layout_loops_ring, serial_shops, nicolae_shop_behind_doors
D:9:      layout_rooms, nicolae_hexahallways, roderic_roman_lattice, uniq_psyche
D:10:     layout_long_grid, dpeg_lair_monsters, minmay_mirror_moons_of_madness,
          uniq_josephine
D:11:     layout_loops_corners, minivault_23, hangedman_abyss_or_decor_stabs,
          nicolae_water_bricks, hive_lemuel, uniq_erica
D:12:     hellmonk_destroyed_diamonds, layout_loops_corners,
          lemuel_flamethrower_3
D:13:     layout_stronghold, grunt_vaults_entry_tiered, led_xom_imps
D:14:     layout_cave_pools, gammafunk_ghost_ooze, uniq_snorg
D:15:     grunt_enter_depths_snipers, layout_gridville,
          hangedman_cracks_in_the_wall, uniq_jorgrun
Temple:   bh_familiar_temple

Skill      XL: |  1  2  3  4  5  6  7  8  9 10 11 12 13 |
---------------+----------------------------------------+-----
Shields        | 4 |  4.8
Armour         | 4 5 6 7 8 9 |  9.3
Fighting       | 4 5 6 7 9 10 12 13 14 | 14.8
Axes           | 3 7 10 | 10.8
Maces & Flails | 2 3 4 8 10 12 13 | 13.1
Dodging        | 1 2 3 4 6 9 11 | 11.8
Invocations    | 1 3 4 5 7 8 9 |  9.3
Polearms       | 2 |  2.6
Stealth        | 1 3 4 |  4.8
Evocations     | 1 2 |  2.0
Throwing       | 1 |  1.3

Action                   |  1- 3 |  4- 6 |  7- 9 | 10-12 | 13-15 || total
-------------------------+-------+-------+-------+-------+-------++-------
Melee: War axe           |    76 |       |       |       |       ||    76
       Headbutt          |     8 |    18 |    27 |    95 |    80 ||   228
       Mace              |     1 |   112 |       |       |       ||   113
       Spear             |       |    11 |    47 |       |       ||    58
       Dire flail        |       |       |   147 |   293 |    68 ||   508
       Broad axe         |       |       |       |   166 |   230 ||   396
       Punch             |       |       |       |     5 |     5 ||    10
Throw: Boomerang         |       |     2 |     2 |     6 |     5 ||    15
Invok: Heroism           |       |       |     1 |     6 |     4 ||    11
       Finesse           |       |       |       |     1 |       ||     1
Evoke: Wand              |       |       |     2 |    14 |     5 ||    21
       Tin of tremorston |       |       |       |       |     1 ||     1
  Use: Scroll            |     1 |    10 |     6 |     5 |     4 ||    26
       Potion            |       |     3 |     5 |     2 |     5 ||    15
 Stab: Invisible         |       |       |       |     3 |     3 ||     6
       Sleeping          |       |       |       |     3 |     8 ||    11
       Paralysed         |       |       |       |    10 |       ||    10
       Petrified         |       |       |       |       |     1 ||     1
Armor: Scale mail        |    32 |   113 |    35 |       |       ||   180
       Steam dragon scal |       |       |     1 |     8 |       ||     9
       Ring mail         |       |       |       |   111 |    75 ||   186
Dodge: Dodged            |    35 |    77 |    85 |   314 |   236 ||   747
Block: Buckler           |    17 |    42 |     5 |       |       ||    64
       Other             |       |       |    40 |    86 |    72 ||   198
       Reflection        |       |       |     4 |     7 |     8 ||    19
